 Dungeon Crawl Stone Soup version 0.27.1-33-g824d729ab1 (webtiles) character file.

Game seed: 14447555966018895586

23410 dohliylev the Blocker (level 12, -3/110 HPs)
             Began as a Minotaur Fighter on Dec 27, 2021.
             Was an Elder of the Shining One.
             Slain by a 13-headed hydra (6 damage)
             ... on level 3 of the Lair of Beasts.
             The game lasted 00:24:45 (11692 turns).

dohliylev the Blocker (Minotaur Fighter)           Turns: 11692, Time: 00:24:46

Health: -3/110     AC: 12    Str: 26    XL:     12   Next: 71%
Magic:  8/11       EV: 11    Int:  5    God:    the Shining One [****..]
Gold:   735        SH: 26    Dex: 10    Spells: 11/11 levels left

rFire    + . .     SeeInvis .   Q - +3 broad axe
rCold    . . .     Faith    .   C - +0 tower shield
rNeg     + + .     Spirit   .   K - +2 troll leather armour
rPois    .         Reflect  .   (helmet restricted)
rElec    .         Harm     .   g - +0 cloak
rCorr    .         Rampage  +   (no gloves)
Will     +....                  H - +1 pair of boots {rampage}
Stlth    +.........             (no amulet)
HPRegen  1.28/turn              z - ring of willpower
MPRegen  0.12/turn              l - ring of protection from fire

@: divinely shielded, glowing
A: horns 2, retaliatory headbutt
a: Renounce Religion, Divine Shield, Cleansing Flame


You were on level 3 of the Lair of Beasts.
You worshipped the Shining One.
The Shining One was greatly pleased with you.
You visited 2 branches of the dungeon, and saw 13 of its levels.
You also visited: Ossuary.

You collected 735 gold pieces.

Inventory:

Hand Weapons
 a - a +3 war axe of venom
 Q - a +3 broad axe (weapon)
Armour
 g - a +0 cloak (worn)
 C - a +0 tower shield (worn)
 E - a +0 plate armour
 H - a +1 pair of boots of rampaging (worn)
 K - a +2 troll leather armour (worn)
 M - +0 steam dragon scales
Jewellery
 e - a ring of see invisible
 l - a ring of protection from fire (right hand)
 m - a ring of willpower
 z - a ring of willpower (left hand)
 B - a ring of poison resistance
 L - a ring of protection from fire
Wands
 N - a wand of acid (15)
Scrolls
 b - a scroll of fear
 i - a scroll of enchant weapon
 o - a scroll of enchant armour
 p - 9 scrolls of teleportation
 q - a scroll of acquirement
 t - a scroll of fog {unknown}
 y - 2 scrolls of immolation
 A - a scroll of torment {unknown}
 D - 3 scrolls of magic mapping
 I - 4 scrolls of silence {unknown}
 J - 2 scrolls of identify
 O - 3 scrolls of noise {unknown}
 P - a scroll of blinking {unknown}
Potions
 c - a potion of heal wounds
 d - 3 potions of might
 f - 3 potions of degeneration {unknown}
 h - 2 potions of berserk rage {unknown}
 j - 5 potions of flight {unknown}
 k - a potion of cancellation {unknown}
 n - 5 potions of haste
 r - 2 potions of attraction {unknown}
 s - 3 potions of lignification {unknown}
 u - 7 potions of curing {unknown}
 v - a potion of magic {unknown}
 w - 2 potions of ambrosia {unknown}
 x - 5 potions of brilliance {unknown}
 F - a potion of mutation {unknown}
 G - 2 potions of resistance {unknown}


   Skills:
 * Level 11.4 Fighting
 + Level 13.0 Axes
 * Level 11.8 Armour
 + Level 5.4 Dodging
 * Level 14.3 Shields


You had 11 spell levels left.
You didn't know any spells.
Your spell library contained the following spells:

 Spells                   Type           Power      Damage    Failure   Level
 Beastly Appendage        Tmut           0%         N/A       93%         1
 Passwall                 Tmut/Erth      0%         N/A       98%         2
 Wereblood                Tmut           0%         N/A       98%         2
 Spider Form              Tmut/Pois      0%         N/A       100%        3
 Swiftness                Air            0%         N/A       100%        3
 Animate Armour           Summ/Erth      0%         N/A       100%        4
 Blade Hands              Tmut           0%         N/A       100%        5
 Freezing Cloud           Conj/Ice/Air   0%         6-21      100%        5
 Invisibility             Hex            0%         N/A       100%        6
 Iron Shot                Conj/Erth      0%         9d1       100%        6
 Simulacrum               Ice/Necr       0%         N/A       100%        6
 Polar Vortex             Ice            0%         N/A       100%        9


Dungeon Overview and Level Annotations

Branches:
Dungeon (10/15)            Temple (0/1) D:4            Lair (3/6) D:9
 Shoals (0/4) Lair:2          Orc (0/2) D:9         Ossuary (visited)
  Snake: Lair:2-4    Spider: Lair:2-4

Altars:
Cheibriados
Elyvilon
Hepliaklqana
Makhleb
Qazlal
Uskayaw
Xom
The Shining One

Shops:
D:8 *   D:10 =

Annotations:
D:3 2 transporters, Palewisp's ghost, amateur BaFi
D:4 4 runed translucent doors, Crazy Yiuf; Syndras1's ghost, amateur GnWz; Zappman123's ghost, amateur OpVM; dohliylev's ghost, amateur MiFi


Innate Abilities, Weirdness & Mutations

You have a pair of horns on your head.
You reflexively headbutt those who attack you in melee.


Message History

The 11-headed hydra bites you but does no damage.
The 11-headed hydra barely misses you.
The 11-headed hydra bites you but does no damage.
You block the 11-headed hydra's attack. The 11-headed hydra bites you.
* * * LOW HITPOINT WARNING * * *
The 11-headed hydra bites you but does no damage.
The 11-headed hydra barely misses you.
The 11-headed hydra bites you but does no damage.
The wyvern barely misses you. You block the wyvern's attack.
You slash the wyvern!
The wyvern is moderately wounded.
You lop one of the 11-headed hydra's heads off!
The ten-headed hydra grows two more!
You hit the 12-headed hydra. The wyvern barely misses you.
You block the 12-headed hydra's attack. x2
The 12-headed hydra bites you.
* * * LOW HITPOINT WARNING * * *
The 12-headed hydra misses you. x3; You block the 12-headed hydra's attack. x2
The 12-headed hydra completely misses you.
You block the 12-headed hydra's attack. The 12-headed hydra barely misses you.
The 12-headed hydra bites you but does no damage.
You barely miss the wyvern.
The wyvern is moderately wounded.
You hack one of the 12-headed hydra's heads off!
The 11-headed hydra grows two more!
You slash the 13-headed hydra! You block the wyvern's attack.
You block the 13-headed hydra's attack. x3
The 13-headed hydra closely misses you. The 13-headed hydra barely misses you.
The 13-headed hydra closely misses you. You block the 13-headed hydra's attack.
The 13-headed hydra bites you but does no damage.
The 13-headed hydra bites you!
* * * LOW HITPOINT WARNING * * *
The 13-headed hydra bites you.
* * * LOW HITPOINT WARNING * * *
The 13-headed hydra bites you.
* * * LOW HITPOINT WARNING * * *
You block the 13-headed hydra's attack. The 13-headed hydra misses you.
The wyvern bites you!
* * * LOW HITPOINT WARNING * * *
The 13-headed hydra bites you.
You die...

#.#...#.......# ..
##....##.....P# ...
#.....#.#.....P#
#.######...#...#####
##...####......##
.......##.......#
.........#..#..## ##
..##......P...###.##
##@........#.... ##
.#Dl...........# #.
....FYY.Y...........## ##
......Y...........).P###.
..................PP###..
....................<..(.
.......................#.
......................##.
.........>#...........###


You could see a 13-headed hydra, 4 yaks and a wyvern.

Vanquished Creatures
  A two-headed ogre (D:9)
  Urug (Lair:3)
  Nergalle (Lair:2)
  Pikel (D:4)
  An ugly thing (D:10)
  A manticore (Lair:2)
  Maurice (D:9)
  3 elephants (Lair:3)
  A black mamba (Lair:1)
  5 komodo dragons
  3 cane toads
  A kobold demonologist (D:10)
  4 trolls
  A polar bear (Lair:3)
  A wind drake (Lair:2)
  17 blink frogs
  3 wyverns
  2 basilisks
  4 steam dragons
  29 yaks
  3 wargs (D:9)
  9 water moccasins
  2 orc warriors
  3 black bears
  A hornet zombie (D:8)
  2 ogres
  3 necrophages
  13 wolves
  3 centaurs
  2 lemures (D:4)
  A phantom (D:7)
  2 kobold brigands
  Blork the orc (D:6)
  9 bullfrogs
  2 gnoll sergeants
  3 scorpions
  2 water moccasin zombies (Ossuary)
  A wyvern zombie (D:8)
  10 killer bees
  5 howler monkeys
  2 bullfrog zombies (D:5)
  A centaur zombie (D:9)
  A hound (D:5)
  2 bullfrog skeletons
  2 orc priests
  2 jellies (D:5)
  A centaur skeleton (D:5)
  An iguana (D:9)
  7 orc wizards
  2 killer bee zombies
  3 mummies
  A hound skeleton (D:4)
  A howler monkey zombie (D:5)
  22 gnolls
  A howler monkey skeleton (D:6)
  11 adders
  An ufetubus (D:6)
  4 adder zombies (Ossuary)
  2 worms (D:2)
  A dart slug (D:1)
  20 orcs
  5 bats
  10 endoplasms
  4 giant cockroaches
  4 gnoll zombies (Ossuary)
  5 goblins
  8 hobgoblins
  2 jackals (D:4)
  6 quokkas
  5 ball pythons
  10 frilled lizards
  5 hobgoblin zombies
  22 kobolds
  A kobold zombie (Ossuary)
  2 orc zombies (Ossuary)
  3 rats
338 creatures vanquished.

Vanquished Creatures (others)
  7 fungi
  27 plants
34 creatures vanquished.

Grand Total: 372 creatures vanquished

Notes
Turn   | Place    | Note
-------+----------+-------------------------------------------
     0 | D:1      | dohliylev the Minotaur Fighter began the quest for the Orb.
     0 | D:1      | Reached XP level 1. HP: 19/19 MP: 0/0
   226 | D:1      | Reached XP level 2. HP: 24/27 MP: 1/1
   625 | D:1      | Reached XP level 3. HP: 33/33 MP: 2/2
   968 | D:2      | Reached skill level 4 in Shields
   970 | D:2      | Found a faded altar of an unknown god.
  1174 | D:2      | Reached XP level 4. HP: 10/41 MP: 3/3
  1175 | D:2      | HP: 2/41 [gnoll (9)]
  2103 | D:2      | Reached XP level 5. HP: 30/47 MP: 4/4
  2340 | D:3      | Reached skill level 5 in Armour
  2340 | D:3      | Reached skill level 1 in Dodging
  2749 | D:3      | Reached skill level 5 in Fighting
  2749 | D:3      | Reached XP level 6. HP: 56/56 MP: 5/5
  2790 | D:3      | Found a stormy altar of Qazlal.
  2818 | D:3      | Found a transporter.
  2819 | D:3      | Found a transporter.
  2819 | D:3      | Noticed Palewisp's ghost (amateur BaFi)
  3105 | D:3      | Found a shimmering altar of Xom.
  3148 | D:4      | Noticed Pikel
  3160 | D:4      | Killed Pikel
  3161 | D:4      | Reached skill level 5 in Axes
  3161 | D:4      | Reached skill level 6 in Shields
  3161 | D:4      | Reached XP level 7. HP: 33/62 MP: 6/6
  3202 | D:4      | Found a runed translucent gate.
  3202 | D:4      | Found a runed translucent gate.
  3202 | D:4      | Found a runed translucent gate.
  3204 | D:4      | Noticed dohliylev's ghost (amateur MiFi)
  3205 | D:4      | Noticed Syndras1's ghost (amateur GnWz)
  3205 | D:4      | Noticed Zappman123's ghost (amateur OpVM)
  3243 | D:4      | Found a snail-covered altar of Cheibriados.
  3244 | D:4      | Found a burning altar of Makhleb.
  3310 | D:4      | Found a sand-covered staircase.
  3314 | D:4      | Reached XP level 8. HP: 44/70 MP: 7/7
  3349 | Ossuary  | Entered an ossuary
  3635 | D:4      | Found a glowing golden altar of the Shining One.
  3645 | D:4      | Became a worshipper of the Shining One
  3875 | D:4      | Found a white marble altar of Elyvilon.
  3923 | D:4      | Found a hazy altar of Hepliaklqana.
  3945 | D:4      | Found a staircase to the Ecumenical Temple.
  4067 | D:4      | Found a runed translucent door.
  4068 | D:4      | Noticed Crazy Yiuf
  4397 | D:5      | Entered Level 5 of the Dungeon
  4686 | D:5      | Reached skill level 7 in Shields
  4813 | D:5      | Identified the +8 spear of Evolution {vamp, rC+ rN+ Will-
                  | Dex+3}
  5681 | D:6      | You fall into a shaft and drop 2 floors!
  5944 | D:7      | Reached XP level 9. HP: 79/79 MP: 8/8
  6025 | D:6      | Reached skill level 8 in Shields
  6179 | D:6      | Reached * piety under the Shining One
  6325 | D:6      | Noticed Blork the orc
  6333 | D:6      | Killed Blork the orc
  6573 | D:7      | Identified the +10 scimitar "Pahid" {freeze, Stlth+}
  7609 | D:8      | Reached skill level 9 in Shields
  7803 | D:8      | Found Byoh's Neck Hole.
  7973 | D:9      | Reached ** piety under the Shining One
  7982 | D:9      | Reached XP level 10. HP: 36/88 MP: 9/9
  7994 | D:9      | Reached skill level 10 in Shields
  8277 | D:9      | Found a staircase to the Lair.
  8356 | D:9      | Found a staircase to the Orcish Mines.
  8533 | D:9      | Noticed a two-headed ogre
  8540 | D:9      | Killed a two-headed ogre
  8696 | D:9      | Noticed Maurice
  8714 | D:9      | Killed Maurice
  8715 | D:9      | Reached skill level 11 in Shields
  8748 | D:9      | Reached skill level 10 in Axes
  8982 | D:9      | Reached skill level 10 in Armour
  9090 | D:9      | Found a hide-covered altar of Uskayaw.
  9200 | D:10     | Entered Level 10 of the Dungeon
  9203 | D:10     | Noticed a white ugly thing
  9216 | D:10     | Killed a white ugly thing
  9217 | D:10     | Reached XP level 11. HP: 50/97 MP: 10/10
  9522 | D:10     | Found Agyih's Jewellery Shop.
  9610 | D:10     | Reached skill level 12 in Shields
  9835 | D:10     | Identified a scroll of acquirement
  9898 | Lair:1   | Entered Level 1 of the Lair of Beasts
  9905 | Lair:1   | Reached *** piety under the Shining One
  9917 | Lair:1   | Reached skill level 10 in Fighting
 10512 | Lair:2   | Noticed Nergalle
 10522 | Lair:2   | Reached skill level 13 in Shields
 10530 | Lair:2   | Killed Nergalle
 10582 | Lair:2   | Reached XP level 12. HP: 101/108 MP: 11/11
 10846 | Lair:2   | Reached skill level 5 in Dodging
 10892 | Lair:2   | Found a staircase to the Shoals.
 10892 | Lair:2   | Reached **** piety under the Shining One
 11351 | Lair:3   | Reached skill level 14 in Shields
 11535 | Lair:3   | Noticed Urug
 11545 | Lair:3   | Killed Urug
 11678 | Lair:3   | Noticed a five-headed hydra
 11692 | Lair:3   | HP: 3/110 [wyvern (8)]
 11692 | Lair:3   | Slain by a 13-headed hydra

Illustrated notes

Levels and vault maps discovered:
D:1:      onia_arrival_mini_spirals, layout_rooms
D:2:      layout_loops_ring, ebering_ecumenical_altar_rust, minmay_lizard_king
D:3:      layout_loops_ring, mainiacjoe_overflow_big_doors,
          gammafunk_ghost_arena
D:4:      layout_basic, gammafunk_temple_overflow_statue,
          mainiacjoe_overflow_alcove_4, grunt_temple_overflow_open,
          minmay_temple_entry_mist, gammafunk_ghost_cemetery,
          nicolae_ossuary_entry_giza, uniq_pikel, uniq_crazy_yiuf_cottage
D:5:      layout_loops_cross, kennysheep_donut, kennysheep_generic_room_9
D:6:      layout_gridville, uniq_blork_the_orc
D:7:      minmay_s_stair_smasher, layout_cave_pods, uniq_maggie
D:8:      layout_gridville, nicolae_shop_sticking_my_neck_out
D:9:      layout_roguey, nicolae_uskayaw_dance_studio, minmay_lair_entry_grove,
          minmay_orc_entry_guard_dogs, uniq_maurice
D:10:     layout_roguey, serial_shops, shop
Lair:1:   layout_big_grid, beast_lair_carwin_4, lemuel_fruit_tree
Lair:2:   layout_chaotic_city, minmay_shoals_entry_beasts, uniq_nergalle
Lair:3:   layout_cave_shapes, uniq_urug

Skill      XL: |  1  2  3  4  5  6  7  8  9 10 11 12 |
---------------+-------------------------------------+-----
Armour         | 4 5 6 7 9 10 11 | 11.8
Fighting       | 4 5 6 7 8 9 10 11 | 11.4
Shields        | 4 6 7 9 11 13 14 | 14.3
Axes           | 3 4 5 6 7 9 10 11 13 | 13.0
Dodging        | 1 2 3 4 5 |  5.4

Action                   |  1- 3 |  4- 6 |  7- 9 | 10-12 || total
-------------------------+-------+-------+-------+-------++-------
Melee: War axe           |    92 |   104 |   290 |   424 ||   910
       Headbutt          |    11 |    18 |    57 |    86 ||   172
       Broad axe         |       |       |       |    12 ||    12
Invok: Divine Shield     |       |       |       |     1 ||     1
  Use: Scroll            |       |       |       |    13 ||    13
Armor: Scale mail        |    40 |    57 |    75 |       ||   172
       Plate armour      |       |       |    56 |    18 ||    74
       Troll leather arm |       |       |       |   124 ||   124
Dodge: Dodged            |    34 |    43 |    71 |   146 ||   294
Block: Kite shield       |    62 |    86 |    99 |       ||   247
       Tower shield      |       |       |   132 |   544 ||   676
